 Dungeon Crawl Stone Soup version 0.18-b1-22-ge198996 (webtiles) character file.

14478 Wooh the Fighter (level 11, 0/107 HPs)
             Began as a Demigod Ice Elementalist on May 3, 2016.
             Slain by a wraith (2 damage)
             ... on level 10 of the Dungeon on May 4, 2016.
             The game lasted 01:42:21 (19748 turns).

Wooh the Fighter (Demigod Ice Elementalist)        Turns: 19748, Time: 01:42:23

Health: 0/107      AC:  8    Str: 13    XL:     11   Next: 59%
Magic:  2/21       EV: 17    Int: 28    God:
Gold:   681        SH:  0    Dex: 16    Spells: 6 memorised, 2 levels left

rFire  . . .     SeeInvis +     I - +2 war axe "Yligink" {freeze, MR+} (curse)
rCold  . . .     Gourm    +     T - +3 robe of Folly {Archmagi, MR-- Int+5 *Curse} (curse)
rNeg   . . .     Faith    .     (no shield)
rPois  .         Spirit   .     U - +1 hat
rElec  .         Dismiss  .     B - +0 cloak
rCorr  .         Reflect  .     e - +0 pair of gloves
SustAt +         Harm     .     (no boots)
MR     .....     Rnd*Rage +     F - amulet of the gourmand
Stlth  ++........               k - ring of see invisible
                                D - ring of wizardry

@: very slightly contaminated, slowed, drained, very slow, not resistant to
hostile enchantments, unstealthy
A: antennae 1, berserk 1, high mp 1, sustain attributes
a: no special abilities


You were on level 10 of the Dungeon.
You were full.

You visited 2 branches of the dungeon, and saw 12 of its levels.

You collected 681 gold pieces.

Inventory:

Hand Weapons
 d - a +1 hand axe of venom
 E - a +0 whip of electrocution
 I - the cursed +2 war axe "Yligink" (weapon) {freeze, MR+}
   (You found it on level 9 of the Dungeon)

   It has been specially enchanted to freeze those struck by it, causing extra
   injury to most foes and up to half again as much damage against particularly
   susceptible opponents.
   It can also slow down cold-blooded creatures.
   It affects your resistance to hostile enchantments.
   It has a curse placed upon it.
 J - a +0 trident of protection
 R - a +1 dagger of holy wrath
Missiles
 O - 9 javelins (quivered)
Armour
 e - a +0 pair of gloves (worn)
 B - a +0 cloak (worn)
 T - the cursed +3 robe of Folly (worn) {Archmagi, MR-- Int+5 *Curse}
   (You found it on level 7 of the Dungeon)

   It affects your intelligence (+5).
   It affects your resistance to hostile enchantments.
   It may re-curse itself when equipped.
   It has a curse placed upon it.
 U - a +1 hat (worn)
Jewellery
 j - an uncursed ring of poison resistance
 k - a ring of see invisible (right hand)
 D - a ring of wizardry (left hand)
 F - an amulet of the gourmand (around neck)
 G - an uncursed ring of resist corrosion
 L - an uncursed amulet of guardian spirit
Wands
 w - a wand of polymorph (8/24)
 y - a wand of teleportation (0/9)
 A - a wand of enslavement (11/24)
 M - a wand of lightning (0/15)
 V - a wand of enslavement (12/24)
 W - a wand of slowing (32/48)
Scrolls
 h - 2 scrolls of recharging {unknown}
 o - 4 scrolls of magic mapping
 q - a scroll of enchant weapon
 s - 2 scrolls of teleportation
 u - a scroll of silence
 x - a scroll of brand weapon {unknown}
 C - 2 scrolls of enchant armour
 Q - 5 scrolls of remove curse
Potions
 g - 2 potions of curing
 i - a potion of ambrosia {unknown}
 m - 5 potions of haste
 n - a potion of flight {unknown}
 p - 2 potions of mutation {unknown}
 r - 2 potions of cancellation
 t - 2 potions of lignification
 v - a potion of invisibility {unknown}
 P - 3 potions of brilliance
Books
 H - a book of Beasts

   Spells                             Type                      Level
   a - Summon Butterflies             Summoning                    1
   b - Call Canine Familiar           Summoning                    3
   c - Summon Ice Beast               Ice/Summoning                4
   d - Summon Mana Viper              Hexes/Summoning              5
   e - Summon Hydra                   Summoning                    7
Miscellaneous
 K - a fan of gales
Comestibles
 a - 3 beef jerkies
 c - 9 bread rations
 l - 4 meat rations
 z - 25 fruits
 Y - 8 slices of pizza


   Skills:
 - Level 13.0(12.5) Fighting
 - Level 7.8(7.4) Dodging
 - Level 1.7(1.4) Stealth
 - Level 4.2(3.9) Spellcasting
 - Level 0.8(0.5) Conjurations
 + Level 8.5(8.0) Ice Magic


You had 2 spell levels left.
You knew the following spells:

 Your Spells              Type           Power        Failure   Level  Hunger
a - Freeze                Ice            ####         1%          1    None
b - Throw Icicle          Conj/Ice       #####...     6%          4    ####...
c - Ozocubu's Armour      Chrm/Ice       #####...     1%          3    ##.....
d - Summon Butterflies    Summ           #.......     4%          1    None
e - Call Canine Familiar  Summ           #.......     12%         3    ##.....
f - Summon Ice Beast      Ice/Summ       #####...     6%          4    ####...


Dungeon Overview and Level Annotations

Branches:
Dungeon (10/15)            Temple (0/1) D:4            Lair (2/8) D:8
    Orc (0/2) D:10

Shops:
D:5 =   D:9 :

Annotations:
D:6 namnharef's ghost, novice DDBe


Innate Abilities, Weirdness & Mutations

You have an increased reservoir of magic (+10% MP).
Your attributes are resistant to harm.
You have a pair of small antennae on your head.
You tend to lose your temper in combat.


Message History

The hippogriff bites you but does no damage.
The hippogriff pecks you but does no damage.
The hippogriff claws you.
* * * LOW HITPOINT WARNING * * *
The orc warrior hits you from afar with a glaive.
* * * LOW HITPOINT WARNING * * *
Read which item? (? for menu, Esc to quit)
As you read the scroll labeled ACEWNI QOROM, it crumbles to dust.
You assume a fearsome visage.
The orc warrior looks frightened!
The big kobold looks frightened!
The hippogriff looks frightened!
The wraith is unaffected.
It was a scroll of fear.
You feel less woody.
Your +0 cloak unmelds from your body.
Your +1 hat unmelds from your body.
Your +0 pair of gloves unmelds from your body.
The cursed +3 robe of Folly {Archmagi, MR-- Int+5 *Curse} unmelds from your body.
You feel powerful.
Your ice beast hits the big kobold.
Your ice beast freezes the big kobold!
The big kobold dies!
The wraith hits you.
You die...

#################
......................
....#...#......#.....#
....#...#......#.....##
....#...#..#..........
....................#
................?...#
...............WYY..#
.....o....#...oH@...+
#'####..o.#...O######
........†.#...(....#
.......#.)†(..K....#
.....Y{#.###.......#
......{#...........#
..†.#)....#........#
....#.###.#........#
....#.{...#........#


You could see a hippogriff (fleeing), a two-headed ogre, a wraith, an orc
warrior (fleeing) and 2 friendly ice beasts.

Vanquished Creatures
  2 hydras (Lair:1)
  Urug (Lair:1)
  2 elephants
  Joseph (D:7)
  2 spiny frogs (Lair:1)
  A komodo dragon (Lair:1)
  4 blink frogs
  A two-headed ogre (D:8)
  A wraith (D:10)
  14 yaks
  A hog (D:7)
  A human (D:7)
  3 hippogriffs
  A hungry ghost (D:7)
  A steam dragon (D:7)
  A porcupine (D:8)
  3 water moccasins
  4 orc warriors
  2 black bears
  6 ice beasts
  3 phantoms
  2 eyes of draining (D:7)
  A necrophage (D:9)
  A sky beast (D:8)
  5 ogres
  4 wolves (Lair:1)
  4 centaurs
  A big kobold (D:7)
  A crocodile (D:9)
  2 gnoll sergeants
  5 giant frogs
  A wyvern skeleton (D:9)
  3 scorpions
  3 killer bees
  5 wights
  6 howler monkeys
  4 crimson imps
  A wasp zombie (D:9)
  2 quasits (D:7)
  A gnoll shaman (D:5)
  3 hounds
  2 jellies
  3 orc priests
  3 giant frog skeletons
  3 centaur skeletons
  6 orc wizards
  5 iguanas
  4 worker ants
  Terence (D:2)
  A killer bee zombie (D:9)
  3 sheep
  2 hound zombies
  4 hound skeletons
  2 worker ant zombies
  12 adders
  17 gnolls
  5 river rats (Lair:1)
  3 shadow imps
  5 oozes
  2 adder zombies
  5 adder skeletons
  3 worms
  2 dart slugs
  11 giant geckos
  18 orcs
  4 ball pythons
  5 giant cockroaches
  5 goblins
  9 hobgoblins
  4 jackals
  5 quokkas
  9 bats
  A giant gecko zombie (D:8)
  6 giant newts
  A jackal zombie (D:8)
  5 kobolds
  A quokka skeleton (D:5)
  2 quokka zombies
  11 rats
300 creatures vanquished.

Vanquished Creatures (collateral kills)
  An elephant (Lair:2)
  A spiny frog (Lair:1)
  A blink frog (Lair:1)
  7 yaks
  A basilisk (Lair:1)
  A porcupine (Lair:1)
  2 ogres
  A wolf (Lair:1)
  A big kobold (D:10)
  A giant frog (D:7)
  A killer bee (D:8)
  An electric eel (Lair:2)
  A howler monkey (D:10)
  A hound (D:7)
  An orc wizard (D:8)
  An iguana (D:9)
  A sheep (D:8)
  4 orcs
28 creatures vanquished.

Vanquished Creatures (others)
  A gnoll (D:4)
  7 fungi
  3 plants
11 creatures vanquished.

Grand Total: 339 creatures vanquished

Notes
Turn   | Place    | Note
--------------------------------------------------------------
     0 | D:1      | Wooh the Demigod Ice Elementalist began the quest for the Orb.
     0 | D:1      | Reached XP level 1. HP: 14/14 MP: 5/5
   214 | D:1      | Reached skill level 1 in Fighting
   536 | D:1      | Reached XP level 2. HP: 15/24 MP: 7/7
   835 | D:1      | Learned a level 2 spell: Throw Frost
   924 | D:1      | Reached skill level 2 in Fighting
  1182 | D:2      | Reached XP level 3. HP: 22/30 MP: 2/8
  1408 | D:2      | Reached skill level 3 in Fighting
  1617 | D:2      | Noticed Terence
  2271 | D:3      | Reached XP level 4. HP: 36/38 MP: 9/9
  2276 | D:3      | Learned a level 3 spell: Ozocubu's Armour
  2329 | D:2      | Killed Terence
  2363 | D:2      | Reached skill level 4 in Fighting
  2367 | D:2      | HP: 2/40 [gnoll/spear (6)]
  2891 | D:3      | Found an ancient bone altar of Kikubaaqudgha.
  2892 | D:3      | Found a blossoming altar of Fedhas.
  2920 | D:3      | Found a stormy altar of Qazlal.
  3103 | D:3      | Reached XP level 5. HP: 46/47 MP: 7/10
  3661 | D:4      | Noticed a water moccasin
  3673 | D:4      | Killed a water moccasin
  3673 | D:4      | Reached skill level 5 in Fighting
  3727 | D:4      | Reached XP level 6. HP: 32/57 MP: 9/11
  3997 | D:4      | Reached skill level 6 in Fighting
  4373 | D:4      | Found a staircase to the Ecumenical Temple.
  4415 | D:5      | Entered Level 5 of the Dungeon
  4827 | D:5      | Found Muar Icw's Jewellery Shoppe.
  5004 | D:5      | Reached skill level 7 in Fighting
  5004 | D:5      | Reached XP level 7. HP: 44/66 MP: 1/12
  5705 | D:5      | Found a large runed door.
  5707 | D:5      | Found a large runed door.
  5846 | D:5      | Reached skill level 8 in Fighting
  6145 | D:5      | Found a large runed door.
  6145 | D:5      | Found a large runed door.
  6695 | D:5      | Found an iron altar of Okawaru.
  7119 | D:5      | Reached skill level 9 in Fighting
  7119 | D:5      | Reached XP level 8. HP: 56/78 MP: 5/13
  7842 | D:6      | Learned a level 1 spell: Summon Butterflies
  7846 | D:6      | Learned a level 3 spell: Call Canine Familiar
  7860 | D:6      | Noticed namnharef's ghost (novice DDBe)
  8419 | D:6      | Found a shadowy altar of Dithmenos.
  8570 | D:7      | Reached skill level 10 in Fighting
  8656 | D:7      | You fall through a shaft for 3 floors!
  8656 | D:10     | Entered Level 10 of the Dungeon
  8673 | D:9      | Found Egroifet's Book Shoppe.
  8925 | D:8      | Found a sacrificial altar of Ru.
  9363 | D:8      | Noticed a two-headed ogre
  9367 | D:8      | Found a staircase to the Lair.
  9367 | D:8      | Noticed an elephant
  9663 | D:7      | Reached skill level 11 in Fighting
  9750 | D:7      | Noticed Joseph
  9774 | D:7      | Killed Joseph
  9774 | D:7      | Reached XP level 9. HP: 57/89 MP: 2/14
 10284 | D:7      | Reached skill level 5 in Ice Magic
 10453 | D:7      | Found a bloodstained altar of Trog.
 11493 | D:8      | Learned a level 4 spell: Throw Icicle
 11895 | D:8      | Found a glowing golden altar of the Shining One.
 11897 | D:8      | Noticed an angel
 11914 | D:8      | Gained mutation: Your mind is acute. (Int +2) [mutagenic meat]
 11915 | D:8      | Gained mutation: You have a pair of small antennae on your head. [mutagenic meat]
 11916 | D:8      | Gained mutation: You have large cloven feet. [mutagenic meat]
 11917 | D:8      | Lost mutation: Your mind is acute. (Int +2) [mutagenic meat]
 11918 | D:8      | Gained mutation: You tend to lose your temper in combat. [mutagenic meat]
 11919 | D:8      | Lost mutation: You have large cloven feet. [mutagenic meat]
 11925 | D:8      | Found a basalt altar of Yredelemnul.
 11927 | D:8      | Noticed a profane servitor
 12070 | D:8      | Reached XP level 10. HP: 88/96 MP: 15/20
 12114 | D:8      | Killed an elephant
 12604 | D:8      | Learned a level 4 spell: Summon Ice Beast
 12803 | Lair:1   | Entered Level 1 of the Lair of Beasts
 12826 | D:8      | Reached skill level 5 in Dodging
 14595 | Lair:1   | Noticed a five-headed hydra
 14603 | Lair:1   | Killed a five-headed hydra
 14854 | Lair:1   | Reached skill level 12 in Fighting
 14873 | Lair:1   | Reached XP level 11. HP: 61/104 MP: 2/21
 15227 | Lair:1   | Noticed a five-headed hydra
 16343 | Lair:1   | Killed a five-headed hydra
 16566 | Lair:1   | Noticed Urug
 16590 | Lair:1   | Killed Urug
 17368 | Lair:2   | Reached skill level 13 in Fighting
 18432 | D:9      | Got a transparent war axe
 18433 | D:9      | Identified the cursed +2 war axe "Yligink" {freeze, MR+} (You found it on level 9 of the Dungeon)
 19452 | D:10     | Found a staircase to the Orcish Mines.
 19737 | D:10     | HP: 8/160 [orc warrior/glaive (4)]
 19738 | D:10     | HP: 1/160 [orc warrior/glaive (7)]
 19745 | D:10     | HP: 3/160 [orc warrior/glaive (6)]
 19745 | D:10     | HP: 1/160 [hippogriff (2)]
 19748 | D:10     | Slain by a wraith

Skill      XL: |  1  2  3  4  5  6  7  8  9 10 11 |
---------------+----------------------------------+-----
Fighting       | 1 2 3 4 5 7 9 11 12 13 | 13.0
Ice Magic      | 6 8 |  8.5
Spellcasting   | 4 |  4.2
Dodging        | 2 7 |  7.8
Stealth        | |  1.7
Conjurations   | |  0.8

Action                   |  1- 3 |  4- 6 |  7- 9 | 10-12 || total
-------------------------+-------+-------+-------+-------++-------
Melee: Hand axe          |   101 |    77 |     3 |       ||   181
       Falchion          |       |   116 |   173 |       ||   289
       Whip              |       |       |     8 |       ||     8
       Trident           |       |       |   544 |   435 ||   979
       Dagger            |       |       |    19 |       ||    19
       War axe           |       |       |       |   180 ||   180
Throw: Stone             |       |    13 |    10 |       ||    23
       Javelin           |       |       |     3 |     4 ||     7
 Cast: Freeze            |    10 |    18 |   118 |    42 ||   188
       Throw Frost       |     4 |     1 |    10 |       ||    15
       Ozocubu's Armour  |       |     6 |    36 |    43 ||    85
       Call Canine Famil |       |       |    30 |     5 ||    35
       Summon Butterflie |       |       |     2 |       ||     2
       Throw Icicle      |       |       |     3 |    61 ||    64
       Summon Ice Beast  |       |       |       |    34 ||    34
Evoke: Wand              |       |       |     3 |     1 ||     4
  Use: Scroll            |       |     9 |     7 |     3 ||    19
       Potion            |       |     1 |     1 |    10 ||    12
 Stab: Sleeping          |     7 |     7 |     3 |     2 ||    19
       Distracted        |     1 |       |       |     2 ||     3
  Eat: Chunk             |     5 |     8 |    52 |    44 ||   109
       Meat ration       |       |       |     1 |       ||     1
Armor: Robe              |    18 |    91 |   469 |   318 ||   896
       Skin              |       |       |       |    69 ||    69
Dodge: Dodged            |    90 |   156 |   636 |   780 ||  1662
